 Dungeon Crawl Stone Soup version 0.26-a0-844-g3dd439832f (webtiles) character file.

Game seed: 2546096119733890814

844 Eryximachus the Magician (level 8, -3/52 HPs)
             Began as an Octopode Hedge Wizard on Nov 18, 2020.
             Slain by an orc warrior
             ... wielding a +0 long sword
              (15 damage)
             ... on level 6 of the Dungeon.
             The game lasted 00:30:28 (11437 turns).

Eryximachus the Magician (Octopode Hedge Wizard)   Turns: 11437, Time: 00:30:28

Health: -3/52      AC:  1    Str: 10    XL:     8   Next: 0%
Magic:  4/15       EV: 14    Int: 17    God:
Gold:   215        SH:  5    Dex: 18    Spells: 8/17 levels left

rFire    . . .     SeeInvis .   g - +1 hand axe (flame)
rCold    . . .     Faith    .   (no shield)
rNeg     . . .     Spirit   .   b - +0 hat
rPois    .         Reflect  +   m - amulet of reflection
rElec    .         Harm     .   e - +6 ring of dexterity
rCorr    .         Rampage  .   (no ring)
MR       .....                  (no ring)
Stlth    +++.......             (no ring)
HPRegen  0.17/turn              (no ring)
MPRegen  0.14/turn              (no ring)
                                (no ring)
                                (no ring)

@: no status effects
A: almost no armour, stealthy swim, amphibious, 8 rings, constrict 8, camouflage
1, gelatinous body 1
a: no special abilities


You were on level 6 of the Dungeon.
You visited 1 branch of the dungeon, and saw 6 of its levels.
You also visited: Sewer.

You collected 215 gold pieces.

Inventory:

Hand Weapons
 g - a +1 hand axe of flaming (weapon)
Missiles
 y - 8 poisoned darts (quivered)
Armour
 b - a +0 hat (worn)
Jewellery
 e - a +6 ring of dexterity (left tentacle)
 m - an amulet of reflection (around mantle)
 v - an uncursed ring of ice
Wands
 a - a wand of flame (8)
 c - a wand of paralysis (3)
 s - a wand of iceblast (1)
Scrolls
 d - 6 scrolls of remove curse
 f - a scroll of amnesia
 h - 3 scrolls of fog {unknown}
 i - 4 scrolls of immolation {unknown}
 k - a scroll of enchant weapon {unknown}
 l - 2 scrolls of fear {unknown}
 n - 2 scrolls of blinking {unknown}
 p - 3 scrolls of teleportation {unknown}
 r - a scroll of identify
 u - a scroll of magic mapping {unknown}
 z - a scroll of enchant armour {unknown}
Potions
 j - 2 potions of brilliance
 o - 3 potions of lignification {unknown}
 q - 3 potions of might {unknown}
 t - 2 potions of curing {unknown}
 w - a potion of mutation {unknown}
 x - a potion of haste {unknown}


   Skills:
 + Level 3.0 Fighting
 + Level 2.1 Dodging
 - Level 3.0 Stealth
 - Level 5.0 Spellcasting
 - Level 5.0 Conjurations
 * Level 3.0 Summonings
 - Level 3.0 Translocations
 + Level 0.3 Air Magic


You had 8 spell levels left.
You knew the following spells:

 Your Spells              Type           Power        Failure   Level
a - Magic Dart            Conj           ###.         1%          1
b - Call Imp              Summ           ##......     6%          2
c - Blink                 Tloc           N/A          6%          2
d - Summon Lightning Spi  Summ/Air       ##......     56%         4

Your spell library contained the following spells:

 Spells                   Type           Power        Failure   Level
 Summon Small Mammal      Summ           ##..         4%          1
 Call Canine Familiar     Summ           ##......     12%         3
 Conjure Flame            Conj/Fire      ##......     16%         3
 Mephitic Cloud           Conj/Pois/Air  ##......     21%         3
 Slow                     Hex            #.......     22%         2
 Summon Guardian Golem    Hex/Summ       #.......     22%         3
 Summon Ice Beast         Ice/Summ       #.......     58%         4


Dungeon Overview and Level Annotations

Branches:
Dungeon (6/15)              Sewer (visited)
 Temple: D:4-7

Altars:


Innate Abilities, Weirdness & Mutations

You cannot wear most types of armour.
You are very stealthy in the water. (Stealth+)
You are amphibious.
You can wear up to eight rings at the same time.
You can use your tentacles to constrict eight enemies at once.
Your skin changes colour to match your surroundings (Stealth+).
Your rubbery body absorbs attacks. (AC +1, EV +1)


Message History

Your crimson imp hits the gnoll.
Your magical contamination has completely faded away.
Your crimson imp hits the gnoll.
The gnoll dies!
Your crimson imp barely misses the orc warrior.
Your crimson imp hits the orc warrior but does no damage.
Your crimson imp hits the orc warrior.
Your crimson imp blinks!
Your crimson imp blinks!
Your crimson imp blinks!
Evoke which item? (* to show all) (? for menu, Esc to quit)
Aiming: Iceblast
Press: ? - help, Shift-Dir - straight line, f - orc warrior
Aim: an orc warrior, wielding a +0 long sword and wearing a +0 plate armour (lightly wounded)
The mass of ice explodes!
The iceblast engulfs the orc warrior!
The orc warrior is moderately wounded.
A giant cockroach comes into view.
Your crimson imp blinks!
The orc warrior hits you with a +0 long sword!
You die...

#...##.........## #
#....(#...<.....###
##...##...(.........
#......<..........##
##........>.......#.
##.).##.........)....
###...#####............
#.....######.......#.##
###.[.@.#.###.....##...
#....o....##...... #
######5..###...[..#
##.......#......#
##..5.............
#....B.......
#######............
#...##.............
#...###............


You could see an orc warrior and a friendly crimson imp (summoned).

Vanquished Creatures
  A water moccasin (D:5)
  Purgy (Sewer)
  An ogre (D:4)
  A wyvern zombie (D:6)
  A bullfrog zombie (D:4)
  A hound (D:4)
  2 worker ants
  A hound skeleton (D:4)
  2 howler monkey skeletons
  5 adders
  An ooze (D:3)
  3 worms
  An adder zombie (D:4)
  6 leopard geckos
  12 orcs
  10 bats
  9 giant cockroaches
  4 goblins
  7 hobgoblins
  11 jackals
  6 kobolds
  2 quokkas
  4 ball pythons
  17 frilled lizards
  A quokka skeleton (D:4)
  8 rats
118 creatures vanquished.

Vanquished Creatures (collateral kills)
  Sigmund (D:4)
  A scorpion (D:5)
  A howler monkey (D:5)
  An orc priest (D:4)
  An orc wizard (D:4)
  2 iguanas (D:5)
  A worker ant (D:4)
  A gnoll (D:6)
  3 adders
  A white imp (D:6)
  2 oozes (D:4)
  An adder skeleton (D:4)
  A leopard gecko (D:5)
  5 orcs
  A giant cockroach (D:4)
  A frilled lizard (Sewer)
  A leopard gecko zombie (D:5)
25 creatures vanquished.

Grand Total: 143 creatures vanquished

Notes
Turn   | Place    | Note
-------+----------+-------------------------------------------
     0 | D:1      | Eryximachus the Octopode Hedge Wizard began the quest for
                  | the Orb.
     0 | D:1      | Reached XP level 1. HP: 11/11 MP: 4/4
   330 | D:1      | Reached XP level 2. HP: 12/17 MP: 0/6
   747 | D:1      | Learned a level 2 spell: Call Imp
   750 | D:1      | Learned a level 2 spell: Blink
  1088 | D:1      | Reached XP level 3. HP: 10/22 MP: 0/7
  3114 | D:2      | Reached skill level 1 in Fighting
  3114 | D:2      | Reached XP level 4. HP: 28/28 MP: 3/9
  5001 | D:4      | Reached XP level 5. HP: 33/33 MP: 4/10
  5074 | D:4      | Found a glowing drain.
  5176 | Sewer    | Entered a sewer
  5399 | Sewer    | Noticed Purgy
  5461 | Sewer    | Killed Purgy
  5705 | D:4      | Reached XP level 6. HP: 39/39 MP: 4/12
  5931 | D:4      | Noticed Sigmund
  7373 | D:4      | Reached XP level 7. HP: 45/45 MP: 2/13
  7894 | D:5      | Entered Level 5 of the Dungeon
  9480 | D:5      | Reached skill level 5 in Spellcasting
 10013 | D:4      | Killed Sigmund
 10694 | D:6      | Reached skill level 5 in Conjurations
 10699 | D:6      | Learned a level 4 spell: Summon Lightning Spire
 11335 | D:6      | Reached XP level 8. HP: 52/52 MP: 10/15
 11437 | D:6      | Slain by an orc warrior

Illustrated notes

Levels and vault maps discovered:
D:1:      dpeg_arrival_solitude, layout_basic, minmay_lizard_pond
D:2:      minmay_evil_eye, layout_loops_ring
D:3:      layout_basic
D:4:      layout_loops_ring, cheibrodos_sewer_entry_drain, uniq_sigmund
D:5:      layout_loops_ring
D:6:      layout_cave_pools, nicolae_temple_entry_ecumenical

Skill      XL: |  1  2  3  4  5  6  7 |
---------------+----------------------+-----
Conjurations   | 2 3 5 |  5.0
Stealth        | 3 |  3.0
Fighting       | 1 2 3 |  3.0
Summonings     | 2 3 |  3.0
Spellcasting   | 4 5 |  5.0
Translocations | 2 3 |  3.0
Dodging        | |  2.1
Air Magic      | |  0.3

Action                   |  1- 3 |  4- 6 |  7- 9 || total
-------------------------+-------+-------+-------++-------
Melee: Dagger            |    40 |       |       ||    40
       Constrict         |    13 |    23 |    14 ||    50
       Tentacles         |     9 |     8 |     5 ||    22
       Hand axe          |    11 |    76 |    42 ||   129
 Cast: Magic Dart        |    73 |    70 |    24 ||   167
       Call Imp          |       |    47 |    58 ||   105
       Blink             |       |     1 |       ||     1
Evoke: Wand              |       |     3 |     5 ||     8
  Use: Scroll            |     1 |     4 |       ||     5
 Stab: Paralysed         |       |     2 |       ||     2
       Distracted        |       |       |     1 ||     1
Armor: Skin              |     6 |     4 |     4 ||    14
Dodge: Dodged            |    41 |    57 |    32 ||   130
Block: Other             |       |    16 |    11 ||    27
       Reflection        |       |     2 |     1 ||     3

Table legend: (Time is in decaauts)
 A = Elapsed time spent in this place.
 B = Non-inter-level travel time spent in this place.
 C = Inter-level travel time spent in this place.
 D = Time resting spent in this place.
 E = Time spent auto-exploring this place.
 F = Levels seen in this place.
 G = Mean time per level.
                   A        B        C        D        E       F      G
               +--------+--------+--------+--------+--------+-----+--------+
         Total |  11499 |  11134 |    365 |   6075 |   3384 |   7 | 1642.7 |
       Dungeon |  10990 |  10625 |    365 |   5792 |   3230 |   6 | 1831.7 |
         Sewer |    508 |    508 |      0 |    283 |    154 |   1 |  508.0 |
               +--------+--------+--------+--------+--------+-----+--------+

Top non-repeatable levels by time:
     D:1: 2415 daAuts
     D:5: 2356 daAuts
     D:4: 2292 daAuts
     D:3: 2221 daAuts
     D:2: 1055 daAuts
     D:6: 650 daAuts
   Sewer: 508 daAuts
